[Event "SWE-ch Masters Elite 2019"]
[Site "Eskilstuna"]
[Date "2019.07.06"]
[Round "1.1"]
[White "Logdahl, Harald"]
[Black "Cramling, Dan"]
[Result "0-1"]
[ECO "B06"]
[WhiteElo "2269"]
[BlackElo "2321"]
[Annotator "NA"]
[PlyCount "136"]
[EventDate "2019.07.06"]
[EventType "tourn"]
[EventCountry "SWE"]
[SourceTitle "playchess.com"]
[Source "ChessBase"]
[SourceQuality "1"]
[TimeControl "40/5400+30:1800+30"]

1. e4 g6 2. d4 Bg7 3. Nc3 d6 4. Be3 a6 5. Qd2 b5 6. f3 Nd7 7. h4 h6 8. h5 g5 9. a4 b4 10. Nd1 c5 11. c3 bxc3 12. bxc3 Ngf6 13. Ne2 Qa5 14. Ng3 Nb6 15. Bd3 Bd7 16. d5 e6 17. dxe6 Bxe6 18. Ra3 d5 19. Qf2 dxe4 20. Bd2 Nbd7 21. Nxe4 Ne5 22. c4 Nxd3+ 23. Rxd3 Nxe4 24. Bxa5 Nxf2 25. Kxf2 Bxc4 26. Re1+ Be6 27. Bc3 O-O 28. Bxg7 Kxg7 29. Ne3 Rfc8 30. Rc1 c4 31. Rdc3 Rc5 32. g4 Rb8 33. R1c2 Rb4 34. a5 Rb3 35. f4 gxf4 36. Ng2 Rxc3 37. Rxc3 Bxg4 38. Nxf4 Bxh5 39. Ke3 Rxa5 40. Rxc4 Bg4 41. Ng2 Be6 42. Rc1 Ra3+ 43. Kd4 a5 44. Nf4 Ra4+ 45. Ke5 Bg4 46. Nd5 Kg6 47. Rc7 Ra1 48. Ra7 h5 49. Nf4+ Kg7 50. Ng2 a4 51. Ne3 Be6 52. Nc2 Ra2 53. Nd4 Bg4 54. Kf4 Kf6 55. Nb5 Rf2+ 56. Ke4 Kg5 57. Nd4 Bd1 58. Ke3 Rf6 59. Ra8 h4 60. Kd2 Rd6 61. Kc3 h3 62. Rh8 Rh6 63. Rg8+ Kf4 64. Rg1 Bg4 65. Rf1+ Kg5 66. Kb4 h2 67. Rh1 Rh4 68. Ka3 Kf4 0-1

[Event "SWE-ch Masters Elite 2019"]
[Site "Eskilstuna"]
[Date "2019.07.06"]
[Round "1.2"]
[White "Malmstig, Erik"]
[Black "Andersson, Tommy"]
[Result "1-0"]
[ECO "E61"]
[WhiteElo "2357"]
[BlackElo "2390"]
[Annotator "NA"]
[PlyCount "121"]
[EventDate "2019.07.06"]
[EventType "tourn"]
[EventCountry "SWE"]
[SourceTitle "playchess.com"]
[Source "ChessBase"]
[SourceQuality "1"]
[TimeControl "40/5400+30:1800+30"]

1. d4 d5 2. c4 c6 3. Nc3 Nf6 4. e3 g6 5. Nf3 Bg7 6. Be2 O-O 7. Ne5 c5 8. O-O cxd4 9. exd4 dxc4 10. Bxc4 Nc6 11. Nxc6 bxc6 12. h3 Bf5 13. Re1 Qd6 14. Bg5 Rad8 15. Qa4 h6 16. Be3 Rd7 17. Rac1 g5 18. a3 g4 19. d5 cxd5 20. Bb5 Rdd8 21. Bf4 Qb6 22. Rxe7 d4 23. Nd1 Nd5 24. Rc6 Qxc6 25. Bxc6 Nxe7 26. hxg4 Bxg4 27. Be4 Nd5 28. Bd2 Nb6 29. Qc2 d3 30. Qb3 Rfe8 31. f3 Be6 32. Qb5 Nc4 33. Bf4 d2 34. Qb4 a5 35. Qb5 Re7 36. b3 Nb2 37. Qxa5 Red7 38. Bc6 Rd3 39. Be4 R3d7 40. Bc6 Rd4 41. Nxb2 d1=Q+ 42. Nxd1 Rxd1+ 43. Kh2 Bxb3 44. Be4 Be6 45. a4 R1d4 46. Qb6 Bf6 47. a5 Ra4 48. a6 Rd1 49. Bc2 Rxf4 50. Qb8+ Kg7 51. Qxf4 Rd5 52. Qg3+ Kf8 53. Qb8+ Kg7 54. f4 Rh5+ 55. Kg3 Bd5 56. a7 Rh1 57. a8=Q Bh4+ 58. Kg4 h5+ 59. Kf5 Be6+ 60. Ke4 Re1+ 61. Kd3 1-0

[Event "SWE-ch Masters Elite 2019"]
[Site "Eskilstuna"]
[Date "2019.07.06"]
[Round "1.3"]
[White "Lindberg, Bengt"]
[Black "Wengholm, Anders"]
[Result "1-0"]
[ECO "B80"]
[WhiteElo "2384"]
[BlackElo "2219"]
[Annotator "NA"]
[PlyCount "81"]
[EventDate "2019.07.06"]
[EventType "tourn"]
[EventCountry "SWE"]
[SourceTitle "playchess.com"]
[Source "ChessBase"]
[SourceQuality "1"]
[TimeControl "40/5400+30:1800+30"]

1. e4 c5 2. Nf3 d6 3. d4 cxd4 4. Nxd4 Nf6 5. Nc3 e6 6. Be3 a6 7. f3 b5 8. g4 Bb7 9. g5 Nfd7 10. Qd2 Nb6 11. Bd3 N8d7 12. O-O-O Rc8 13. Kb1 Ne5 14. Qe1 Be7 15. f4 Nxd3 16. cxd3 g6 17. h4 e5 18. Nf3 b4 19. Ne2 d5 20. Qf2 Nd7 21. Ng3 d4 22. Bc1 b3 23. a3 Qc7 24. Ne1 Bb4 25. Bd2 Bxd2 26. Qxd2 exf4 27. Ne2 f5 28. gxf6 O-O 29. Nxd4 Nxf6 30. Nef3 Rcd8 31. Qb4 Rfe8 32. Rc1 Qe7 33. Qxb3+ Kg7 34. h5 Qf7 35. Qb6 Nxe4 36. dxe4 Bxe4+ 37. Ka1 Rd7 38. Ng5 Qd5 39. Nde6+ Kg8 40. Nxe4 Qxe4 41. Nc5 1-0

[Event "SWE-ch Masters Elite 2019"]
[Site "Eskilstuna"]
[Date "2019.07.06"]
[Round "1.4"]
[White "Nyander, Joakim"]
[Black "Seo, Jung Min"]
[Result "1/2-1/2"]
[ECO "A13"]
[WhiteElo "2233"]
[BlackElo "2399"]
[Annotator "NA"]
[PlyCount "76"]
[EventDate "2019.07.06"]
[EventType "tourn"]
[EventCountry "SWE"]
[SourceTitle "playchess.com"]
[Source "ChessBase"]
[SourceQuality "1"]
[TimeControl "40/5400+30:1800+30"]

1. c4 e6 2. g3 d5 3. Bg2 d4 4. Nf3 Nf6 5. O-O c5 6. e3 Nc6 7. a3 a5 8. d3 Bd6 9. exd4 cxd4 10. Bg5 h6 11. Bxf6 Qxf6 12. Nbd2 Qe7 13. Re1 O-O 14. Nb3 Qd8 15. Rc1 e5 16. Nbd2 Re8 17. c5 Bc7 18. Nc4 a4 19. Nfd2 f5 20. b4 axb3 21. Qxb3 Kh7 22. Ra1 Rb8 23. Reb1 Be6 24. Qb5 Qd7 25. a4 Red8 26. Nb6 Bxb6 27. cxb6 Bd5 28. a5 Bxg2 29. Kxg2 Qd5+ 30. Qxd5 Rxd5 31. a6 bxa6 32. Rxa6 Rb7 33. Kf3 Kg6 34. Ra4 Kf6 35. Rc4 Ne7 36. Ra4 Nc6 37. Rc4 Ne7 38. Ra4 e4+ 1/2-1/2

[Event "SWE-ch Masters Elite 2019"]
[Site "Eskilstuna"]
[Date "2019.07.06"]
[Round "1.5"]
[White "Rydstrom, Tom"]
[Black "Ernst, Thomas"]
[Result "0-1"]
[ECO "B75"]
[WhiteElo "2345"]
[BlackElo "2335"]
[Annotator "NA"]
[PlyCount "160"]
[EventDate "2019.07.06"]
[EventType "tourn"]
[EventCountry "SWE"]
[SourceTitle "playchess.com"]
[Source "ChessBase"]
[SourceQuality "1"]
[TimeControl "40/5400+30:1800+30"]

1. e4 c5 2. Nf3 d6 3. d4 cxd4 4. Nxd4 Nf6 5. Nc3 g6 6. Be3 Bg7 7. f3 Nc6 8. Bc4 Qb6 9. Bb3 Nxe4 10. Nf5 Bxf5 11. Bxb6 Nxc3 12. Qd2 axb6 13. bxc3 Ra5 14. O-O Rc5 15. Rad1 O-O 16. Kh1 Bxc3 17. Qf2 Bf6 18. Rd5 Rc8 19. Re1 Nb4 20. Rxc5 Rxc5 21. h3 Nxc2 22. Bxc2 Bxc2 23. Rc1 Bf5 24. Qe1 Bd7 25. Rd1 Bc6 26. Qb4 b5 27. Qe1 Rc2 28. a3 d5 29. Rc1 Ra2 30. Qb4 Rb2 31. Qc5 Rb3 32. Re1 Rc3 33. Qb6 Rxa3 34. h4 Ra4 35. g4 h6 36. Qd8+ Kg7 37. Kg2 Bxh4 38. Rxe7 Bxe7 39. Qxe7 d4 40. Qe5+ Kf8 41. Qh8+ Ke7 42. Kf2 Rc4 43. f4 b4 44. Qe5+ Kd7 45. f5 gxf5 46. Qxf5+ Kd6 47. Qxf7 Kc5 48. Qf5+ Kb6 49. Qe6 Kb5 50. Ke2 b3 51. Qf5+ Ka4 52. Qb1 Bb5 53. Kd1 d3 54. Qa1+ Kb4 55. Qf6 Rxg4 56. Qf8+ Ka4 57. Qa8+ Ba6 58. Kc1 Rg1+ 59. Kb2 Rg2+ 60. Kb1 d2 61. Qe8+ Bb5 62. Qa8+ Kb4 63. Qf8+ Kc4 64. Qf4+ Kc5 65. Qf8+ Kb6 66. Qd6+ Bc6 67. Qb4+ Kc7 68. Qf4+ Kd7 69. Qf7+ Kd6 70. Qf6+ Kd5 71. Qf5+ Kd4 72. Qf6+ Kd3 73. Qd6+ Kc4 74. Qf4+ Kb5 75. Qe5+ Kc4 76. Qf4+ Kd3 77. Qd6+ Ke2 78. Qe5+ Kf1 79. Qf5+ Kg1 80. Qc5+ Rf2 0-1

[Event "SWE-ch Masters Elite 2019"]
[Site "Eskilstuna"]
[Date "2019.07.07"]
[Round "2.1"]
[White "Cramling, Dan"]
[Black "Andersson, Tommy"]
[Result "1-0"]
[ECO "D53"]
[WhiteElo "2321"]
[BlackElo "2390"]
[Annotator "NA"]
[PlyCount "61"]
[EventDate "2019.07.06"]
[EventType "tourn"]
[EventCountry "SWE"]
[SourceTitle "playchess.com"]
[Source "ChessBase"]
[SourceQuality "1"]
[TimeControl "40/5400+30:1800+30"]

1. d4 Nf6 2. c4 e6 3. Nc3 d5 4. Bg5 c6 5. e3 Be7 6. Nf3 a6 7. Rc1 b5 8. cxd5 cxd5 9. Ne5 Bb7 10. Bd3 Nbd7 11. f4 Rc8 12. O-O Ne4 13. Bxe7 Kxe7 14. f5 Ndf6 15. Bxe4 dxe4 16. fxe6 fxe6 17. Qe1 Ke8 18. Qh4 Qe7 19. Ng6 hxg6 20. Qxh8+ Kf7 21. Qh4 Kg8 22. Nxe4 Rxc1 23. Nxf6+ gxf6 24. Rxc1 e5 25. Qh6 exd4 26. Qxg6+ Kf8 27. Rf1 Qxe3+ 28. Kh1 Bd5 29. Rxf6+ Ke7 30. Qg7+ Ke8 31. Rf8# 1-0

[Event "SWE-ch Masters Elite 2019"]
[Site "Eskilstuna"]
[Date "2019.07.07"]
[Round "2.3"]
[White "Seo, Jung Min"]
[Black "Malmstig, Erik"]
[Result "1-0"]
[ECO "A60"]
[WhiteElo "2399"]
[BlackElo "2357"]
[Annotator "NA"]
[PlyCount "79"]
[EventDate "2019.07.06"]
[EventType "tourn"]
[EventCountry "SWE"]
[SourceTitle "playchess.com"]
[Source "ChessBase"]
[SourceQuality "1"]
[TimeControl "40/5400+30:1800+30"]

1. d4 e6 2. c4 c5 3. d5 exd5 4. cxd5 d6 5. Nc3 Nf6 6. Nf3 a6 7. a4 Be7 8. e4 Bg4 9. h3 Bh5 10. g4 Bg6 11. Nd2 O-O 12. Bg2 Nfd7 13. O-O h6 14. f4 Bf6 15. Qb3 Bd4+ 16. Kh1 Nf6 17. Ne2 Nbd7 18. Qd3 Re8 19. Nxd4 cxd4 20. Qxd4 Rc8 21. Ra3 Rc2 22. Rc3 Rxc3 23. bxc3 Nc5 24. e5 Nfd7 25. e6 fxe6 26. dxe6 Nxe6 27. Qxd6 Bf7 28. Ba3 Nef8 29. Ne4 Qh4 30. Qd4 b5 31. Nd6 Re2 32. Nxf7 Kxf7 33. Bxf8 Nxf8 34. Qd5+ Ke7 35. axb5 axb5 36. Qc5+ Kf7 37. Qxb5 Re3 38. Qd5+ Ke8 39. Qa8+ Qd8 40. Bc6+ 1-0

[Event "SWE-ch Masters Elite 2019"]
[Site "Eskilstuna"]
[Date "2019.07.07"]
[Round "2.4"]
[White "Wengholm, Anders"]
[Black "Rydstrom, Tom"]
[Result "1-0"]
[ECO "A27"]
[WhiteElo "2219"]
[BlackElo "2345"]
[Annotator "NA"]
[PlyCount "111"]
[EventDate "2019.07.06"]
[EventType "tourn"]
[EventCountry "SWE"]
[SourceTitle "playchess.com"]
[Source "ChessBase"]
[SourceQuality "1"]
[TimeControl "40/5400+30:1800+30"]

1. c4 e5 2. Nc3 Nc6 3. Nf3 f5 4. g3 Nf6 5. d4 e4 6. Nh4 d5 7. Bg5 Be7 8. e3 O-O 9. Ng2 dxc4 10. Bxc4+ Kh8 11. Nf4 Ng4 12. h4 Qd6 13. a3 a6 14. Rc1 Bd7 15. Be2 Rae8 16. Nxe4 fxe4 17. Bxg4 Bf6 18. Bxd7 Qxd7 19. Qh5 Kg8 20. Bxf6 Rxf6 21. Qd5+ Qf7 22. Qxf7+ Rxf7 23. Ke2 Nd8 24. d5 Re5 25. Rc4 Rd7 26. Rd1 Kf7 27. Rdd4 Rde7 28. Rd2 Rd7 29. Rdd4 Rde7 30. b4 Ke8 31. Rc5 Rd7 32. a4 Ke7 33. f3 exf3+ 34. Kxf3 Kd6 35. e4 Re8 36. Rd1 Nf7 37. Ne6 Ne5+ 38. Kg2 Rf7 39. Rc2 h6 40. h5 Ng4 41. Re2 Ke5 42. Rd3 Nf6 43. Rf3 Rxe6 44. dxe6 Re7 45. Rc3 c6 46. b5 axb5 47. axb5 Kd4 48. Rc1 cxb5 49. Rd2+ Ke3 50. Rd6 Kxe4 51. Re1+ Kf5 52. Kf3 b4 53. g4+ Kg5 54. Re5+ Kh4 55. Rd1 Nxg4 56. Rh1+ 1-0

[Event "SWE-ch Masters Elite 2019"]
[Site "Eskilstuna"]
[Date "2019.07.07"]
[Round "2.5"]
[White "Ernst, Thomas"]
[Black "Nyander, Joakim"]
[Result "1/2-1/2"]
[ECO "B42"]
[WhiteElo "2335"]
[BlackElo "2233"]
[Annotator "NA"]
[PlyCount "76"]
[EventDate "2019.07.06"]
[EventType "tourn"]
[EventCountry "SWE"]
[SourceTitle "playchess.com"]
[Source "ChessBase"]
[SourceQuality "1"]
[TimeControl "40/5400+30:1800+30"]

1. e4 c5 2. Nf3 e6 3. d4 cxd4 4. Nxd4 a6 5. Bd3 Nf6 6. O-O d6 7. c4 Be7 8. Nc3 O-O 9. Be3 b6 10. f4 Bb7 11. g4 Nc6 12. Nxc6 Bxc6 13. g5 Nd7 14. Qh5 g6 15. Qh4 f6 16. Qh3 Nc5 17. Bxc5 bxc5 18. Qxe6+ Kh8 19. h4 fxg5 20. fxg5 Re8 21. Qg4 Bf8 22. Rf7 Re7 23. Raf1 Bg7 24. Nd5 Bxd5 25. exd5 Qe8 26. Rxe7 Qxe7 27. Qe6 Qxe6 28. dxe6 Re8 29. Rf7 Rxe6 30. Ra7 Bxb2 31. Rxa6 Re3 32. Bf1 Bd4 33. Kg2 Be5 34. a4 Bg3 35. Ra8+ Kg7 36. Ra7+ Kh8 37. Ra8+ Kg7 38. Ra7+ Kh8 1/2-1/2

[Event "SWE-ch Masters Elite 2019"]
[Site "Eskilstuna"]
[Date "2019.07.08"]
[Round "3.1"]
[White "Lindberg, Bengt"]
[Black "Cramling, Dan"]
[Result "1/2-1/2"]
[ECO "B06"]
[WhiteElo "2384"]
[BlackElo "2321"]
[Annotator "NA"]
[PlyCount "65"]
[EventDate "2019.07.06"]
[EventType "tourn"]
[EventCountry "SWE"]
[SourceTitle "playchess.com"]
[Source "ChessBase"]
[SourceQuality "1"]
[TimeControl "40/5400+30:1800+30"]

1. e4 g6 2. d4 Bg7 3. Nc3 d5 4. exd5 Nf6 5. Bc4 Nbd7 6. Bg5 Nb6 7. Bxf6 Bxf6 8. Bb3 a5 9. a4 O-O 10. Nge2 h5 11. Qd2 Kg7 12. h3 h4 13. Nf4 Rh8 14. Ne4 c6 15. dxc6 Qxd4 16. Nxf6 Qxf6 17. cxb7 Bxb7 18. O-O Qxb2 19. Qe3 Qf6 20. Rfe1 Rab8 21. Nd3 Nd5 22. Bxd5 Bxd5 23. Qxe7 Rhc8 24. Qxf6+ Kxf6 25. Re5 Rd8 26. Rae1 Rbc8 27. Nf4 Bb7 28. Rxa5 Rxc2 29. Rb5 Bc6 30. Rb6 Rd4 31. Ne2 Rxa4 32. Rc1 Rxe2 33. Rbxc6+ 1/2-1/2

[Event "SWE-ch Masters Elite 2019"]
[Site "Eskilstuna"]
[Date "2019.07.08"]
[Round "3.2"]
[White "Andersson, Tommy"]
[Black "Seo, Jung Min"]
[Result "1-0"]
[ECO "D37"]
[WhiteElo "2390"]
[BlackElo "2399"]
[Annotator "NA"]
[PlyCount "69"]
[EventDate "2019.07.06"]
[EventType "tourn"]
[EventCountry "SWE"]
[SourceTitle "playchess.com"]
[Source "ChessBase"]
[SourceQuality "1"]
[TimeControl "40/5400+30:1800+30"]

1. d4 Nf6 2. c4 e6 3. Nf3 Bb4+ 4. Bd2 Be7 5. Nc3 d5 6. Bf4 O-O 7. e3 Nbd7 8. c5 c6 9. Be2 Nh5 10. O-O Nxf4 11. exf4 Qc7 12. g3 f6 13. Bd3 e5 14. Qc2 e4 15. Nxe4 dxe4 16. Bxe4 f5 17. Bxf5 Nf6 18. Bd3 Rd8 19. Ng5 Rxd4 20. Bxh7+ Kf8 21. Rfe1 Qd7 22. Bg6 Rd2 23. Qb3 Nd5 24. Nf3 Qg4 25. Be4 Rxf2 26. Kxf2 Bxc5+ 27. Kg2 Nxf4+ 28. Kh1 Nh3 29. Re2 Nf2+ 30. Rxf2 Bxf2 31. Qd3 Bb6 32. Rf1 Qh5 33. Ne5+ Ke7 34. Ng6+ Ke6 35. Bf5+ {[%emt 0:00:23] Kd5} 1-0

[Event "SWE-ch Masters Elite 2019"]
[Site "Eskilstuna"]
[Date "2019.07.08"]
[Round "3.3"]
[White "Rydstrom, Tom"]
[Black "Logdahl, Harald"]
[Result "1-0"]
[ECO "C27"]
[WhiteElo "2345"]
[BlackElo "2269"]
[Annotator "NA"]
[PlyCount "105"]
[EventDate "2019.07.06"]
[EventType "tourn"]
[EventCountry "SWE"]
[SourceTitle "playchess.com"]
[Source "ChessBase"]
[SourceQuality "1"]
[TimeControl "40/5400+30:1800+30"]

1. e4 Nf6 2. Nc3 e5 3. Bc4 Nxe4 4. Qh5 Nd6 5. Bb3 Nc6 6. Nb5 g6 7. Qf3 f5 8. Qd5 Qe7 9. Nxc7+ Kd8 10. Nxa8 b6 11. Ne2 Bb7 12. Nxb6 axb6 13. Qd3 f4 14. O-O e4 15. Qh3 g5 16. d3 Ne5 17. d4 Ng6 18. Qc3 Nf5 19. Qc4 Nfh4 20. Nc3 Nxg2 21. Qb5 Qf6 22. Bd5 Bxd5 23. Qxd5 Ne7 24. Nxe4 Nxd5 25. Nxf6 Nxf6 26. Kxg2 Bd6 27. Bd2 h5 28. c4 g4 29. f3 gxf3+ 30. Kxf3 Ng4 31. Rh1 Rg8 32. h3 Ne3 33. Rag1 Re8 34. Bxe3 Rxe3+ 35. Kf2 Rd3 36. Rd1 Rg3 37. Rhg1 Rxh3 38. Rh1 Re3 39. Rxh5 Re4 40. c5 bxc5 41. dxc5 Be5 42. Rh7 Rd4 43. Rxd4 Bxd4+ 44. Kf3 Bxb2 45. Ke4 Bf6 46. Rf7 Bg5 47. Kd5 Bh4 48. a4 Bg3 49. a5 Kc8 50. a6 Kb8 51. Kd6 f3+ 52. Kxd7 f2 53. c6 1-0

[Event "SWE-ch Masters Elite 2019"]
[Site "Eskilstuna"]
[Date "2019.07.08"]
[Round "3.4"]
[White "Malmstig, Erik"]
[Black "Ernst, Thomas"]
[Result "0-1"]
[ECO "D23"]
[WhiteElo "2357"]
[BlackElo "2335"]
[Annotator "NA"]
[PlyCount "192"]
[EventDate "2019.07.06"]
[EventType "tourn"]
[EventCountry "SWE"]
[SourceTitle "playchess.com"]
[Source "ChessBase"]
[SourceQuality "1"]
[TimeControl "40/5400+30:1800+30"]

1. d4 d5 2. c4 c6 3. Nf3 Nf6 4. Qc2 dxc4 5. Qxc4 Bf5 6. Nc3 Nbd7 7. e3 e6 8. Be2 Bd6 9. O-O h6 10. a4 a5 11. Nd2 e5 12. Qb3 exd4 13. exd4 Qc7 14. g3 O-O 15. Nc4 Be6 16. Qc2 Nb6 17. Nxd6 Qxd6 18. Bf4 Qb4 19. Ra3 Nbd5 20. Be5 Nxc3 21. Qxc3 Nd5 22. Qc1 f6 23. Bf4 Nxf4 24. Qxf4 Rad8 25. Rd1 Bb3 26. Rd2 Rfe8 27. Bh5 Re7 28. Kg2 Red7 29. Bg4 Rd6 30. Qe3 Bf7 31. Rad3 Qxa4 32. Bd1 Qb5 33. Rc3 Qb6 34. Bb3 Bxb3 35. Rxb3 Qc7 36. Re2 Rxd4 37. Qe6+ Kh8 38. Re4 Rxe4 39. Qxe4 b6 40. Qe6 a4 41. Rd3 Rxd3 42. Qe8+ Kh7 43. Qe4+ g6 44. Qxd3 b5 45. g4 Kg7 46. h4 Qc8 47. Qe4 Qd7 48. f3 h5 49. g5 Kf7 50. gxf6 Kxf6 51. Qf4+ Qf5 52. Qd6+ Qe6 53. Qf8+ Ke5 54. Qc5+ Qd5 55. Qe7+ Kd4 56. Qb4+ Kd3 57. Qc3+ Ke2 58. Qc2+ Qd2 59. Qxc6 Qxb2 60. Qxg6 a3 61. Qe4+ Kd2 62. Kh3 b4 63. Qd5+ Kc1 64. Qc4+ Qc3 65. Qf1+ Kb2 66. Qe2+ Kb1 67. Qe4+ Ka1 68. Qe2 b3 69. Qd1+ Ka2 70. Qd5 Kb2 71. Qe4 a2 72. Qe2+ Kc1 73. Qf1+ Kd2 74. Qg2+ Kd3 75. Qg6+ Kc4 76. Qe4+ Qd4 77. Qe2+ Kb4 78. Qe7+ Kc3 79. Qe1+ Qd2 80. Qe5+ Kc2 81. Qc5+ Kb1 82. Qg1+ Kb2 83. Qg7+ Qc3 84. Qg2+ Ka3 85. Qf1 a1=Q 86. Qa6+ Kb4 87. Qb7+ Kc4 88. Qc6+ Kd3 89. Qg6+ Ke3 90. Qe4+ Kd2 91. Qd5+ Kc1 92. Qg5+ Qd2 93. Qg1+ Kb2 94. Qg7+ Qc3 95. Qg2+ Ka3 96. Qg1 Qxf3+ 0-1

[Event "SWE-ch Masters Elite 2019"]
[Site "Eskilstuna"]
[Date "2019.07.08"]
[Round "3.5"]
[White "Nyander, Joakim"]
[Black "Wengholm, Anders"]
[Result "1-0"]
[ECO "A27"]
[WhiteElo "2233"]
[BlackElo "2219"]
[Annotator "NA"]
[PlyCount "95"]
[EventDate "2019.07.06"]
[EventType "tourn"]
[EventCountry "SWE"]
[SourceTitle "playchess.com"]
[Source "ChessBase"]
[SourceQuality "1"]
[TimeControl "40/5400+30:1800+30"]

1. c4 e5 2. g3 Nc6 3. Nc3 f5 4. Nf3 Nf6 5. d4 e4 6. Nh4 d6 7. Bh3 g6 8. Bg5 Bg7 9. Nd5 O-O 10. Ng2 Ne7 11. Ngf4 c6 12. Nxe7+ Qxe7 13. e3 Qf7 14. Bxf6 Bxf6 15. Rc1 c5 16. Qd2 cxd4 17. exd4 Be6 18. b3 h5 19. Bf1 h4 20. gxh4 Kh7 21. h5 g5 22. Ng6 Rfe8 23. Rg1 f4 24. h4 Bf5 25. hxg5 e3 26. fxe3 fxe3 27. Qc3 Bg7 28. Nf4 Kg8 29. Be2 Re4 30. Rf1 Bxd4 31. Qa5 Be5 32. Nd3 Re8 33. Qd5 Re6 34. c5 Rd4 35. Qf3 Bf4 36. Nxf4 Re5 37. cxd6 Qd7 38. Nd3 Qxd6 39. Rc4 Rxd3 40. Bxd3 Qxd3 41. Rc8+ Kg7 42. Qxb7+ Bd7 43. h6+ Kh7 44. Rf7+ Kg6 45. Rxd7 Qb1+ 46. Rd1 Qxa2 47. Rd6+ Kh5 48. Qf3+ 1-0

[Event "SWE-ch Masters Elite 2019"]
[Site "Eskilstuna"]
[Date "2019.07.09"]
[Round "4.1"]
[White "Cramling, Dan"]
[Black "Seo, Jung Min"]
[Result "0-1"]
[ECO "A28"]
[WhiteElo "2321"]
[BlackElo "2399"]
[Annotator "NA"]
[PlyCount "156"]
[EventDate "2019.07.06"]
[EventType "tourn"]
[EventCountry "SWE"]
[SourceTitle "playchess.com"]
[Source "ChessBase"]
[SourceQuality "1"]
[TimeControl "40/5400+30:1800+30"]

1. c4 e5 2. Nc3 Nc6 3. Nf3 Nf6 4. e3 Bb4 5. Qc2 O-O 6. Nd5 Be7 7. a3 h6 8. Be2 d6 9. O-O Re8 10. b4 Bf8 11. Nxf6+ Qxf6 12. Bb2 Bf5 13. Qb3 a6 14. Ne1 Qg6 15. f4 e4 16. Qd1 Rad8 17. Kh1 d5 18. b5 axb5 19. cxb5 Na5 20. Bc3 Nc4 21. Nc2 c5 22. bxc6 bxc6 23. Nd4 Bc8 24. f5 Qd6 25. Bxc4 dxc4 26. Qa4 c5 27. Ne2 Qd5 28. f6 g5 29. Qc2 Bg4 30. Rf2 Bd6 31. a4 Bc7 32. a5 Qd6 33. Ng3 h5 34. Nf1 Ra8 35. h3 Bd7 36. Qd1 g4 37. g3 Qd5 38. h4 Ra6 39. Ra3 Rb8 40. Qa1 Rb5 41. Kh2 Rb3 42. Ra2 Qb7 43. Be5 Bd8 44. Qc1 Qd5 45. Qa1 Qd3 46. Kg2 c3 47. Qc1 Rxa5 48. Rc2 Qd5 49. Bxc3 Ra6 50. Rb2 Kh7 51. Qc2 c4 52. Ra2 Rbb6 53. Rxa6 Rxa6 54. Qb2 Bc7 55. Re2 Qb5 56. Qxb5 Bxb5 57. Re1 Ba4 58. Ra1 Kg6 59. Kf2 Bd8 60. Ke1 Bxf6 61. Ra2 Kf5 62. Ra1 Ke6 63. Ra2 Be5 64. Ra1 f5 65. Ra2 Kd5 66. Ra1 Bd6 67. Ra2 Kc6 68. Ra1 Kb5 69. Bg7 Bb4 70. Be5 Rc6 71. Ra2 Rc8 72. Ra1 Bc2 73. Ra7 Bd3 74. Rh7 Bxf1 75. Kxf1 Bxd2 76. Rxh5 c3 77. Ke2 Rc5 78. Bd4 c2 0-1

[Event "SWE-ch Masters Elite 2019"]
[Site "Eskilstuna"]
[Date "2019.07.09"]
[Round "4.2"]
[White "Lindberg, Bengt"]
[Black "Rydstrom, Tom"]
[Result "1-0"]
[ECO "C92"]
[WhiteElo "2384"]
[BlackElo "2345"]
[Annotator "NA"]
[PlyCount "71"]
[EventDate "2019.07.06"]
[EventType "tourn"]
[EventCountry "SWE"]
[SourceTitle "playchess.com"]
[Source "ChessBase"]
[SourceQuality "1"]
[TimeControl "40/5400+30:1800+30"]

1. e4 e5 2. Nf3 Nc6 3. Bb5 a6 4. Ba4 Nf6 5. O-O Be7 6. Re1 b5 7. Bb3 d6 8. c3 O-O 9. h3 Re8 10. d4 Bb7 11. Nbd2 exd4 12. cxd4 Nb4 13. Ng5 d5 14. e5 Nd7 15. Nxf7 Kxf7 16. e6+ Kg8 17. exd7 Qxd7 18. Nf3 Bf6 19. Ne5 Bxe5 20. dxe5 a5 21. a3 Na6 22. Bc2 c5 23. Qd3 g6 24. Qg3 d4 25. Bh6 Nc7 26. f4 Kh8 27. f5 Nd5 28. fxg6 Ra6 29. e6 Raxe6 30. Bf5 Ne3 31. Bxe3 dxe3 32. Rad1 Qe7 33. Bxe6 Qxe6 34. Rd3 e2 35. Rd2 Qc4 36. Qf2 1-0

[Event "SWE-ch Masters Elite 2019"]
[Site "Eskilstuna"]
[Date "2019.07.09"]
[Round "4.3"]
[White "Ernst, Thomas"]
[Black "Andersson, Tommy"]
[Result "0-1"]
[ECO "D55"]
[WhiteElo "2335"]
[BlackElo "2390"]
[Annotator "NA"]
[PlyCount "57"]
[EventDate "2019.07.06"]
[EventType "tourn"]
[EventCountry "SWE"]
[SourceTitle "playchess.com"]
[Source "ChessBase"]
[SourceQuality "1"]
[TimeControl "40/5400+30:1800+30"]

1. d4 Nf6 2. c4 e6 3. Nc3 d5 4. Bg5 Be7 5. e3 O-O 6. Nf3 b6 7. Be2 Bb7 8. Bxf6 Bxf6 9. cxd5 exd5 10. b4 c6 11. O-O a5 12. b5 c5 13. Ne5 Qd6 14. f4 Rd8 15. Bf3 Ra7 16. Rc1 g6 17. Qb3 c4 18. Qc2 Bg7 19. Rcd1 f6 20. e4 fxe5 21. fxe5 Bxe5 22. dxe5 Qc5+ 23. Qf2 d4 24. Nd5 d3 25. Nxb6 Qxb5 26. Bg4 Qe8 27. Nd5 Bxd5 28. exd5 Rf7 29. Qxf7+ 0-1

[Event "SWE-ch Masters Elite 2019"]
[Site "Eskilstuna"]
[Date "2019.07.09"]
[Round "4.4"]
[White "Logdahl, Harald"]
[Black "Nyander, Joakim"]
[Result "0-1"]
[ECO "B23"]
[WhiteElo "2269"]
[BlackElo "2233"]
[Annotator "NA"]
[PlyCount "66"]
[EventDate "2019.07.06"]
[EventType "tourn"]
[EventCountry "SWE"]
[SourceTitle "playchess.com"]
[Source "ChessBase"]
[SourceQuality "1"]
[TimeControl "40/5400+30:1800+30"]

1. e4 c5 2. Nc3 a6 3. g3 b5 4. Bg2 Bb7 5. d3 e6 6. f4 b4 7. Nb1 d5 8. Nh3 Nf6 9. Nf2 Nc6 10. O-O Be7 11. Nd2 a5 12. e5 Nd7 13. Nf3 Qc7 14. Re1 a4 15. h4 Nd4 16. Nxd4 cxd4 17. Bd2 O-O 18. h5 Rfc8 19. Rc1 Qb6 20. Bh3 Rc7 21. f5 exf5 22. Bxf5 Nf8 23. Ng4 Bc8 24. Rf1 Bxf5 25. Rxf5 Rac8 26. Qf3 Qe6 27. Rf1 Rxc2 28. Rxf7 Rxd2 29. h6 g6 30. Rg7+ Kh8 31. Rf7 Nd7 32. Qf4 Rxb2 33. Qxd4 Bc5 0-1

[Event "SWE-ch Masters Elite 2019"]
[Site "Eskilstuna"]
[Date "2019.07.09"]
[Round "4.5"]
[White "Wengholm, Anders"]
[Black "Malmstig, Erik"]
[Result "1-0"]
[ECO "A25"]
[WhiteElo "2219"]
[BlackElo "2357"]
[Annotator "NA"]
[PlyCount "81"]
[EventDate "2019.07.06"]
[EventType "tourn"]
[EventCountry "SWE"]
[SourceTitle "playchess.com"]
[Source "ChessBase"]
[SourceQuality "1"]
[TimeControl "40/5400+30:1800+30"]

1. c4 e5 2. Nc3 Nc6 3. g3 Nf6 4. Bg2 Bc5 5. e3 O-O 6. a3 a5 7. Nge2 Re8 8. O-O d6 9. d3 Bg4 10. h3 Bd7 11. Kh2 Qc8 12. b3 Ne7 13. e4 h5 14. f4 exf4 15. gxf4 Ng6 16. Qe1 Bc6 17. Bf3 Qd8 18. Qg3 h4 19. Qg2 Nh7 20. d4 Ba7 21. f5 Ngf8 22. Be3 Qf6 23. Rg1 Kh8 24. Rad1 g6 25. Nf4 g5 26. Nfd5 Bxd5 27. Nxd5 Qd8 28. Bxg5 Nxg5 29. Qxg5 Qxg5 30. Rxg5 Nh7 31. Rh5 Rg8 32. Nxc7 Rg3 33. Nxa8 Rxf3 34. Rxh4 Rxb3 35. Nc7 Rb2+ 36. Kh1 f6 37. Ne8 Kg8 38. Rg1+ Kf8 39. Rxh7 Bxd4 40. Rh8+ Ke7 41. Rg7+ 1-0

[Event "SWE-ch Masters Elite 2019"]
[Site "Eskilstuna"]
[Date "2019.07.10"]
[Round "5.1"]
[White "Rydstrom, Tom"]
[Black "Cramling, Dan"]
[Result "1-0"]
[ECO "B06"]
[WhiteElo "2345"]
[BlackElo "2321"]
[Annotator "NA"]
[PlyCount "71"]
[EventDate "2019.07.06"]
[EventType "tourn"]
[EventCountry "SWE"]
[SourceTitle "playchess.com"]
[Source "ChessBase"]
[SourceQuality "1"]
[TimeControl "40/5400+30:1800+30"]

1. e4 g6 2. d4 Bg7 3. Nc3 d6 4. Be3 a6 5. Qd2 b5 6. O-O-O Bb7 7. f3 Nd7 8. Kb1 Rc8 9. g4 h6 10. h4 c5 11. Bh3 b4 12. Nce2 e6 13. g5 hxg5 14. hxg5 Qc7 15. d5 exd5 16. exd5 Nb6 17. Ng3 Rd8 18. Re1 Kf8 19. Qf2 Na4 20. Bc1 Bxd5 21. N1e2 c4 22. f4 Qa5 23. Bg2 Rxh1 24. Bxh1 Bxh1 25. Rxh1 Ne7 26. Rf1 Rc8 27. Nd4 Qd5 28. Be3 Re8 29. f5 Nxf5 30. Ngxf5 gxf5 31. Nxf5 Bxb2 32. g6 Be5 33. Bh6+ Kg8 34. gxf7+ Qxf7 35. Qg2+ Kh8 36. Bd2 1-0